 Dungeon Crawl Stone Soup version 0.31-a0-544-gceb718ecc6 (webtiles) character file.

Game seed: 2102847175909872908

192 spiderkeys the Insei (level 5, -1/35 HPs)
             Began as an Octopode Shapeshifter on Aug 15, 2023.
             Slain by a giant cockroach (2 damage)
             ... on level 4 of the Dungeon.
             The game lasted 00:02:56 (1892 turns).

spiderkeys the Insei (Octopode Shapeshifter)        Turns: 1892, Time: 00:02:57

Health: -1/35      AC:  1    Str: 14    XL:     5   Next: 71%
Magic:  5/5        EV: 14    Int: 11    God:
Gold:   87         SH:  0    Dex: 14    Spells: 4/4 levels left

rFire   . . .        p - +2 trident (freeze)
rCold   . . .        (no shield)
rNeg    . . .        (helmet currently unavailable)
rPois   .            (no amulet)
rElec   .            (no ring)
rCorr   .            (no ring)
SInv    .            (no ring)
Will    .....        (no ring)
Stlth   ++           (no ring)
HPRegen 0.25/turn    (no ring)
MPRegen 0.09/turn    (no ring)
                     (no ring)

%: no passive effects
@: beast-form
A: beast (slay +2), almost no armour, amphibious, 8 rings, camouflage 1,
gelatinous body 1, (nimble swimmer 1), tentacles
a: Begin Untransformation


You were on level 4 of the Dungeon.
You were a hulking beast.
You visited 1 branch of the dungeon, and saw 4 of its levels.

You collected 87 gold pieces.


Innate Abilities, Weirdness & Mutations

You are a hulking beast.
Your limbs bulge with bestial killing power. (Slay +2)
You cannot wear most types of armour.
You are amphibious.
You can wear up to eight rings at the same time.
Your skin changes colour to match your surroundings (Stealth+).
Your rubbery body absorbs attacks. (AC +1, EV +1)
((You are camouflaged when in or above water. (Stealth+)))
You have tentacles for arms and can constrict up to eight enemies at once.


   Skills:
 + Level 2.6 Fighting
 + Level 3.2 Dodging
 + Level 4.0 Unarmed Combat
 + Level 3.7 Shapeshifting


You had 4 spell levels left.
You didn't know any spells.
Your spell library contained the following spells:

 Spells                   Type           Power      Damage    Failure   Level
 Sting                    Tmut/Pois      0%         1d3       34%         1
 Poisonous Vapours        Pois/Air       0%         N/A       47%         2
 Olgreb's Toxic Radiance  Pois           0%         N/A       98%         4
 Summon Forest            Summ/Tloc      0%         N/A       100%        5
 Summon Mana Viper        Hex/Summ       0%         N/A       100%        5
 Summon Cactus Giant      Summ           0%         N/A       100%        6

Inventory:

Hand Weapons
 p - a +2 trident of freezing (weapon)
   (You found it on level 2 of the Dungeon)
Missiles
 f - 30 stones
 g - 3 javelins
 i - 2 poisoned darts
Magical Staves
 t - a staff of poison {!a}
   (You found it on level 4 of the Dungeon)
Jewellery
 q - a ring of willpower
   (You found it on level 3 of the Dungeon)
 F - a ring of fire
   (You found it on level 3 of the Dungeon)
 T - an amulet of faith {!P}
   (You found it on level 1 of the Dungeon)
Talismans
 b - a beast talisman (active)
 c - a flux talisman
Wands
 s - a wand of paralysis (7)
   (You found it on level 3 of the Dungeon)
 v - a wand of iceblast (4)
   (You took it off Ijyb on level 4 of the Dungeon)
Scrolls
 d - 2 scrolls of enchant weapon {unknown}
 l - a scroll of poison {unknown}
 m - 3 scrolls of identify {unknown}
 o - a scroll of revelation {unknown}
 r - a scroll of torment {unknown}
Potions
 a - 2 potions of lignification {!q}
 e - 2 potions of curing {unknown}
 h - 2 potions of might {unknown}
 j - a potion of enlightenment {unknown}
 k - a potion of haste {unknown}
 n - a potion of cancellation {unknown}
 u - a potion of attraction {unknown}

Dungeon Overview and Level Annotations

Branches:
Dungeon (4/15) Zot: 22096
 Temple: D:4-7

Altars:
Sif Muna
Uskayaw
Yredelemnul

###########
#......<..#
##.........# .
..........# ..##
#........># ...
#.........#
#.##))B.......
#...).h)#
)..##.)#### ###.
.......))#####....
. ....####.......#
###. ...
##......## ##...
..
#..###..###...####
#.....#...#.#.#...
#..##..##.#.#.#)#
##..###.##.#.#...#


You could see a giant cockroach.


Message History

There are monsters nearby!
There are monsters nearby!
You reach to attack!
The goblin shouts!
You hit the hobgoblin. You freeze the hobgoblin.
You kill the hobgoblin! 😕 HP[+1]
Found a stone staircase leading down.
You miss the goblin. You grab the goblin. You constrict the goblin.
The goblin hits you with a +0 club. The goblin barely misses you.
The goblin misses you. x2 😕 HP[-2]
You take 2 damage, and now have 27/35 hp.
You barely miss the goblin. You squeeze the goblin.
You kill the goblin!
The goblin closely misses you. The goblin hits you but does no damage.
The giant cockroach bites you.
The goblin shoots a sling bullet.
The sling bullet closely misses you. 😮 HP[-1]
You take 1 damage, and now have 26/35 hp.
You are too injured to fight recklessly!
You are too injured to fight recklessly!
You are too injured to fight recklessly!
You are too injured to fight recklessly!
You are too injured to fight recklessly!
You are too injured to fight recklessly!
Unknown command.
You barely miss the goblin. You grab the goblin. You constrict the goblin.
The giant cockroach closely misses you. The goblin hits you with a +0 dagger.
The goblin hits you with a +0 club.
* * * LOW HITPOINT WARNING * * *
The goblin closely misses you. 😨 HP[-9]
You take 9 damage, and now have 17/35 hp.
MASSIVE DAMAGE!! (PAUSE)
You hit the goblin. You freeze the goblin.
You kill the goblin!
You constrict the goblin.
You kill the goblin!
The giant cockroach misses you. The goblin misses you.
The goblin unwields a +0 sling.
The goblin wields a +0 club.
The goblin barely misses you. The giant cockroach misses you.
The goblin closely misses you.
You closely miss the giant cockroach. Your grab misses the giant cockroach.
The giant cockroach misses you. The goblin barely misses you.
The goblin hits you with a +0 dagger.
* * * LOW HITPOINT WARNING * * *
The giant cockroach barely misses you.
You barely miss the goblin. Your grab misses the goblin.
The goblin hits you with a +0 club.
* * * LOW HITPOINT WARNING * * *
The giant cockroach misses you. The goblin closely misses you.
The goblin hits you with a +0 club.
* * * LOW HITPOINT WARNING * * *
😨 HP[-5]
You take 5 damage, and now have 12/35 hp.
You puncture the goblin! You freeze the goblin.
You kill the goblin!
The giant cockroach bites you but does no damage.
The goblin unwields a +0 club.
The goblin wields a +0 sling.
The goblin shoots a sling bullet.
The sling bullet misses you. The goblin hits you with a +0 club.
* * * LOW HITPOINT WARNING * * *
The giant cockroach bites you.
* * * LOW HITPOINT WARNING * * *
😨 HP[-2]
You take 2 damage, and now have 10/35 hp.
You closely miss the goblin. Your grab misses the goblin.
You squeeze the goblin.
The goblin shoots a sling bullet.
The sling bullet hits you.
* * * LOW HITPOINT WARNING * * *
The giant cockroach barely misses you. The goblin barely misses you.
The goblin shoots a sling bullet.
The sling bullet misses you. 😱 HP[-4]
You take 4 damage, and now have 6/35 hp.
The giant cockroach bites you but does no damage.
The goblin hits you but does no damage.
The giant cockroach bites you but does no damage.
The goblin unwields a +0 sling.
The goblin wields a +0 club.
The goblin completely misses you.
Things that are here:
a +0 dagger; a hobgoblin corpse You puncture the goblin!
You freeze the goblin.
You kill the goblin!
The giant cockroach bites you.
* * * LOW HITPOINT WARNING * * *
The goblin closely misses you. 😱 HP[-2]
You take 2 damage, and now have 4/35 hp.
You closely miss the goblin. You grab the goblin. You constrict the goblin.
The giant cockroach bites you but does no damage.
The goblin hits you with a +0 club.
* * * LOW HITPOINT WARNING * * *
The giant cockroach misses you. 😱 HP[-3]
You take 3 damage, and now have 1/35 hp.
You puncture the goblin! You freeze the goblin.
You kill the goblin!
The giant cockroach bites you.
You die...

Skill      XL: |  1  2  3  4  5 |
---------------+----------------+-----
Fighting       | 2 |  2.6
Dodging        | 3 |  3.2
Unarmed Combat | 4 |  4.0
Shapeshifting  | |  3.7

Action                     |  1- 3 |  4- 6 || total
---------------------------+-------+-------++-------
  Melee: Unarmed           |    62 |    14 ||    76
         Tentacles         |     9 |    12 ||    21
         Constrict         |    17 |    13 ||    30
         Punch             |     2 |     1 ||     3
         Trident           |       |    56 ||    56
   Stab: Sleeping          |     7 |     8 ||    15
 Armour: Skin              |     4 |    12 ||    16
  Dodge: Dodged            |    34 |    47 ||    81

Levels and vault maps discovered:
D:1:      dpeg_arrival_water_altar, layout_loops_ring
D:2:      layout_rooms, basic_altar
D:3:      layout_rooms, lemuel_round_altar, nicolae_ecumenical_pavilion
D:4:      layout_rooms, uniq_ijyb, uniq_robin

Notes
Turn   | Place    | Note
-------+----------+-------------------------------------------
     0 | D:1      | spiderkeys the Octopode Shapeshifter began the quest for
                  | the Orb.
     0 | D:1      | Reached XP level 1. HP: 13/13 MP: 1/1
     0 | D:1      | magus.rc [v1.11.6]
   115 | D:1      | HP: 1/13 [goblin/+0 dagger (4)]
   121 | D:1      | Reached XP level 2. HP: 2/18 MP: 2/2
   359 | D:1      | You add the spells Sting, Poisonous Vapours and Olgreb's
                  | Toxic Radiance to your library.
   416 | D:1      | Reached XP level 3. HP: 19/23 MP: 3/3
   739 | D:1      | Found a shimmering blue altar of Sif Muna.
   836 | D:2      | Found a hide-covered altar of Uskayaw.
   925 | D:2      | Reached skill level 2 in Fighting
   925 | D:2      | Reached XP level 4. HP: 27/29 MP: 4/4
  1126 | D:3      | Found a faded altar of an unknown god.
  1523 | D:3      | Found a basalt altar of Yredelemnul.
  1532 | D:3      | You add the spells Summon Forest, Summon Mana Viper and
                  | Summon Cactus Giant to your library.
  1685 | D:4      | Reached skill level 3 in Dodging
  1685 | D:4      | Reached XP level 5. HP: 31/35 MP: 5/5
  1787 | D:4      | Noticed Ijyb
  1796 | D:4      | Killed Ijyb
  1797 | D:4      | Reached skill level 4 in Unarmed Combat
  1865 | D:4      | Noticed Robin
  1867 | D:4      | Killed Robin
  1888 | D:4      | HP: 6/35 [goblin/sling bullet[Robin] (5)]
  1891 | D:4      | HP: 1/35 [goblin/+0 club[Robin] (4)]
  1892 | D:4      | Slain by a giant cockroach

Vanquished Creatures
  A sleepcap (D:4)
  Ijyb (D:4)
  Robin (D:4)
  4 adders
  A worm (D:2)
  2 dart slugs
  3 orcs
  6 endoplasms
  4 giant cockroaches
  19 goblins
  5 hobgoblins
  4 jackals (D:3)
  4 quokkas
  5 ball pythons
  6 bats
  5 frilled lizards
  5 kobolds
  4 rats
80 creatures vanquished.

Table legend:
 A = Non-vault XP
 B = Vault XP
 C = Vault XP percentage of total XP
 D = Non-vault monster count
 E = Vault monster count
 F = Vault count percentage of total count
                 A         B        C        D         E       F
            +---------+---------+-------+---------+---------+-------
      Total |     203 |      74 |  26.7 |      66 |      14 |  17.5
            +---------+---------+-------+---------+---------+-------
        D:1 |      42 |       0 |   0.0 |      26 |       0 |   0.0
        D:2 |      75 |       0 |   0.0 |      20 |       0 |   0.0
        D:3 |      33 |       0 |   0.0 |      13 |       0 |   0.0
        D:4 |      53 |      74 |  58.3 |       7 |      14 |  66.7
            +---------+---------+-------+---------+---------+-------

Skill      XL: |  1  2  3  4  5 |
---------------+----------------+-----
Fighting       | 2 |  2.6
Dodging        | 3 |  3.2
Unarmed Combat | 4 |  4.0
Shapeshifting  | |  3.7

Action                     |  1- 3 |  4- 6 || total
---------------------------+-------+-------++-------
  Melee: Unarmed           |    62 |    14 ||    76
         Tentacles         |     9 |    12 ||    21
         Constrict         |    17 |    13 ||    30
         Punch             |     2 |     1 ||     3
         Trident           |       |    56 ||    56
   Stab: Sleeping          |     7 |     8 ||    15
 Armour: Skin              |     4 |    12 ||    16
  Dodge: Dodged            |    34 |    47 ||    81

Illustrated notes

Table legend:
 A = Kills in this place as a percentage of kills in the entire game.
 B = Kills by you in this place as a percentage of kills by you in the entire game.
 C = Kills by friends in this place as a percentage of kills by friends in the entire game.
 D = Other kills in this place as a percentage of other kills in the entire game.
 E = Experience gained in this place as a percentage of experience gained in the entire game.
 F = Experience gained in this place divided by the number of levels of this place that you have seen.
                   A       B       C       D       E      F
               +-------+-------+-------+-------+-------+----------------------
         Total | 100.0 | 100.0 |   N/A |   N/A | 100.0 |  69.2
       Dungeon | 100.0 | 100.0 |   N/A |   N/A | 100.0 |  69.2
               +-------+-------+-------+-------+-------+----------------------

Table legend: (Time is in decaauts)
 A = Elapsed time spent in this place.
 B = Non-inter-level travel time spent in this place.
 C = Inter-level travel time spent in this place.
 D = Time resting spent in this place.
 E = Time spent auto-exploring this place.
 F = Levels seen in this place.
 G = Mean time per level.
                   A        B        C        D        E       F      G
               +--------+--------+--------+--------+--------+-----+--------+
         Total |   1902 |   1827 |     75 |      0 |   1435 |   4 |  475.5 |
       Dungeon |   1902 |   1827 |     75 |      0 |   1435 |   4 |  475.5 |
               +--------+--------+--------+--------+--------+-----+--------+

Top non-repeatable levels by time:
     D:1: 757 daAuts
     D:3: 559 daAuts
     D:2: 363 daAuts
     D:4: 222 daAuts
